[Event "Late-Titled-Tuesday-Blitz-March-12-2024"]
[Site "Chess.com"]
[Date "2024.03.12"]
[Round "5"]
[White "Vesapesa"]
[Black "mortngabriel"]
[Result "0-1"]
[WhiteElo "2206"]
[BlackElo "2528"]
[TimeControl "180+1"]
[EndTime "14:54:54 PDT"]
[Termination "mortngabriel won on time"]

1. e4 c5 2. Nf3 Nc6 3. Bb5 Nf6 4. e5 Nd5 5. Nc3 Nc7 6. Bxc6 dxc6 7. O-O Bg4 8. h3 Bh5 9. Ne4 Qd5 10. d3 O-O-O 11. Be3 Ne6 12. Ned2 h6 13. b4 g5 14. Bxc5 Nxc5 15. bxc5 e6 16. Ne4 Bxc5 17. Nxc5 Qxc5 18. Qe2 g4 19. hxg4 Bxg4 20. Qe4 Rhg8 21. Rab1 Qd5 22. Qb4 Rd7 23. Nh4 Bh3 24. f3 a5 25. Qa4 Qd4+ 26. Qxd4 Rxd4 27. Kh2 Rxh4 28. gxh3 Ra4 29. Rb2 Kc7 30. Rg1 Rxg1 31. Kxg1 h5 32. c4 Ra3 33. Rd2 Rc3 34. Kf2 h4 35. Ke3 b5 36. cxb5 cxb5 37. Kf4 Ra3 38. Kg4 Ra4+ 39. Kg5 Kc6 40. d4 Kd5 41. Kxh4 Rxd4+ 42. Rxd4+ Kxd4 43. Kg5 b4 44. h4 a4 45. h5 b3 46. axb3 axb3 47. h6 b2 48. h7 b1=Q 49. h8=Q Qf5+ 50. Kh4 Qxe5 51.
Kg4 Qxh8 0-1

[Event "Late-Titled-Tuesday-Blitz-March-12-2024"]
[Site "Chess.com"]
[Date "2024.03.12"]
[Round "5"]
[White "Danito1954"]
[Black "YegoryoCh"]
[Result "1-0"]
[WhiteElo "2319"]
[BlackElo "2492"]
[TimeControl "180+1"]
[EndTime "14:54:57 PDT"]
[Termination "Danito1954 won on time"]

1. e4 e5 2. Nf3 Nc6 3. Bc4 Nf6 4.
d4 exd4 5. O-O Nxe4 6. Re1 d5 7. Bxd5 Qxd5 8. Nc3 Qh5 9. Nxe4 Be6 10. Bg5 Bd6 11.
Nxd6+ cxd6 12. Bf4 Qd5 13. c3 Rc8 14. Nxd4 Nxd4 15.
Qxd4 Qxd4 16. cxd4 Kd7 17. Rac1 Bxa2 18. Ra1 Bd5 19. Rxa7 Rc2 20. Ra5 Kc6 21. f3 Bc4 22. Rc1 Rxc1+ 23. Bxc1 Re8 24. Bd2 Re2 25. Bc3 Rc2 26.
h3 f6 27. Ra8 b5 28. Rc8+ Kd5 29. Rc7 b4 30. Bxb4 Rxb2 31. Bxd6 Rb1+ 32. Kh2 Bf1 33.
Bf4 g5 34. Rc1 Rb2 35. Rxf1 gxf4 36. Re1 Kxd4 37. Re4+ Kd5 38. Rxf4 Ke5 39. Re4+ Kf5 40. h4 h5 41. Kh3 Rb3 42. Ra4 Rc3 43. Ra5+ Kg6 44.
Kg3 Rb3 45. Ra4 Rc3 46. Kf4 Rc1 47. g3 Rc3 48. Rb4 Ra3 49. g4 Rc3 50. Rd4 Ra3 51.
Rc4 Rb3 52. Re4 Ra3 53. Rc4 Rb3 54. gxh5+ Kxh5 55. Rc8 Rb4+ 56. Kg3 Ra4 57. Rg8 Rb4 58. Rg4 Rb3 59. Rf4 Kg6 60. Kg4 Rb5 61. Rc4 Ra5 62. Rb4 Rc5 63. Rd4 Ra5 64. Rd8 Ra1 65. h5+ Kf7 66.
f4 Ra5 67. Rb8 Kg7 68. Rc8 Kh6 69. Rg8 f5+ 70. Kh4 Ra4 71. Rg6+ Kh7 72. Kg5 Ra1 73.
Rb6 Rh1 74. Rb7+ Kg8 75. Kxf5 Kf8 76. Kf6 Kg8 77. f5 1-0

[Event "Late-Titled-Tuesday-Blitz-March-12-2024"]
[Site "Chess.com"]
[Date "2024.03.12"]
[Round "5"]
[White "aa175"]
[Black "rasmussvane"]
[Result "0-1"]
[WhiteElo "2728"]
[BlackElo "2953"]
[TimeControl "180+1"]
[EndTime "14:54:58 PDT"]
[Termination "rasmussvane won by resignation"]

1. d4 Nf6 2. Nf3 d5 3. c3 c6 4.
Bf4 Bf5 5. e3 Nbd7 6. Ne5 e6 7.
Nd2 h5 8. Ndf3 Be7 9. Bd3 Bxd3 10. Qxd3 Ne4 11. h4 Nxe5 12. Bxe5 Bf6 13. Ke2 Bxe5 14. Nxe5 Qf6 15. Raf1 Qf5 16. Ke1 f6 17. Nf3 Qg4 18. Nd2 O-O-O 19. Nxe4 dxe4 20. Qe2 Qf5 21. Kd2 e5 22.
Kc2 exd4 23. cxd4 Rd5 24. Kb1 Kb8 25. Rc1 Rhd8 26. Rc2 Qg6 27. g3 Qf7 28. Rhc1 g5 29. Rh1 Rh8 30. Rcc1 a6 31. Rh2 Rf5 32. Rch1 Rf3 33.
Qc2 Re8 34. Qc5 g4 35. Rc1 Rd8 36. Qb4 Rd5 37. Rc5 Qe7 38. Qc4 Rxc5 39. dxc5 Qd7 40. Kc2 Kc7 41. Qc3 Qd5 42. b3 Qf5 43. Qa5+ Kc8 44.
Qd2 Qxc5+ 45. Kb2 Kc7 46. a3 Qe5+ 47. Ka2 a5 48. Rh1 Qd5 49. Qc2 Qf5 50. Rf1 Rxe3 51. fxe3 Qxf1 52. Qc5 Qf2+ 53. Ka1 Qxg3 54. Qxa5+ Kd7 55.
Qf5+ Ke7 56. Qxe4+ Qe5+ 57. Qxe5+ fxe5 0-1

[Event "Late-Titled-Tuesday-Blitz-March-12-2024"]
[Site "Chess.com"]
[Date "2024.03.12"]
[Round "5"]
[White "RebelJohnny"]
[Black "KNVB"]
[Result "0-1"]
[WhiteElo "2546"]
[BlackElo "2776"]
[TimeControl "180+1"]
[EndTime "14:55:00 PDT"]
[Termination "KNVB won by resignation"]

1. e4 d5 2. exd5 Qxd5 3. Nc3 Qe5+ 4. Be2 c6 5. Nf3 Qc7 6. d4 Nf6 7. Bc4 Bg4 8. h3 Bxf3 9. Qxf3 e6 10. g4 Nbd7 11.
Bd2 Bd6 12. O-O-O Nb6 13. Bd3 O-O-O 14. g5 Nfd5 15. Ne4 Bf4 16. c4 Bxd2+ 17. Rxd2 Qf4 18. Qxf4 Nxf4 19. c5 Rxd4 20. Nd6+ Kb8 21. Rhd1 Nd7 22. Bf1 Rxd2 23. Rxd2 Nxc5 24. Nxf7 Rf8 25. Ne5 Kc8 26. f3 Nd5 27. Be2 Rf5 28. Nc4 Kc7 29. a3 Rxg5 30. Kc2 a6 31. b4 Nd7 32. Bd3 h6 33. Be4 N7f6 34. Na5 Rg3 35. Nb3 b6 36. Nd4 Kd6 37. h4 g5 38. hxg5 hxg5 39. Rh2 g4 40. Bxd5 cxd5 41. fxg4 Rxg4 42. Kc3 Ne4+ 43. Kd3 Rg3+ 44. Kc2 Rc3+ 45. Kb2 Rd3 46. Nb3 Rf3 47. Rh8 Rf2+ 48.
Kc1 e5 49. Rd8+ Ke6 50. Re8+ Kf5 51. Rb8 d4 52. Rxb6 Nc3 53. Rxa6 d3 54. Na1 d2+ 0-1

[Event "Late-Titled-Tuesday-Blitz-March-12-2024"]
[Site "Chess.com"]
[Date "2024.03.12"]
[Round "5"]
[White "Rud_Makarian"]
[Black "CarlosAlbornoz"]
[Result "0-1"]
[WhiteElo "3049"]
[BlackElo "2819"]
[TimeControl "180+1"]
[EndTime "14:55:01 PDT"]
[Termination "CarlosAlbornoz won on time"]

1. d4 Nf6 2. c4 g6 3. Nc3 Bg7 4. e4 d6 5. Be2 O-O 6. Nf3 Bg4 7. Be3 Nfd7 8. h4 Nf6 9. Nd2 Bxe2 10. Qxe2 e5 11.
d5 Nh5 12. g3 a5 13. O-O-O Nd7 14. Kb1 a4 15. a3 c6 16. Nf3 Qc7 17. Qd2 Ndf6 18.
Qd3 Ng4 19. Rd2 Qa5 20. Rhd1 Rab8 21. Re2 Rfc8 22. Bd2 Qa7 23. Be1 Rf8 24. Ng5 h6 25. Nh3 Ngf6 26. f3 Nd7 27. Bf2 Qa5 28. Qc2 Nc5 29.
Be1 Qa6 30. Na2 Nb3 31. Nb4 Qb6 32. Bf2 Qc7 33. g4 Nf4 34. Nxf4 exf4 35. h5 g5 36.
Ka2 c5 37. Nd3 b5 38. Rb1 bxc4 39. Qxc4 Nd4 40. Bxd4 Bxd4 41. Rc2 Qb7 42. Qxa4 Ra8 43. Qc4 Rfb8 44. b4 Qa7 45. Rb3 cxb4 46. Nxb4 Bc5 47. Nc6 Qxa3+ 0-1

[Event "Late-Titled-Tuesday-Blitz-March-12-2024"]
[Site "Chess.com"]
[Date "2024.03.12"]
[Round "5"]
[White "sergoy"]
[Black "DavidGavrilescu18"]
[Result "1/2-1/2"]
[WhiteElo "3014"]
[BlackElo "2756"]
[TimeControl "180+1"]
[EndTime "14:55:01 PDT"]
[Termination "Game drawn - insufficient material"]

1. d4 d5 2. c4 e6 3. Nf3 Nf6 4. Nc3 Bb4 5. Qa4+ Nc6 6. a3 Bxc3+ 7. bxc3 Ne4 8. e3 Nxc3 9. Qc2 Ne4 10. Bd3 Nd6 11.
c5 Nf5 12. O-O h6 13. Rb1 O-O 14. Ne5 Nxe5 15. dxe5 b6 16. c6 a5 17. Rd1 Ba6 18. Bxf5 exf5 19. Qxf5 Re8 20. Bb2 Re6 21. e4 d4 22. Rxd4 Qe8 23. Rd7 Rxc6 24. Rd2 Rd8 25. Rbd1 Rxd2 26. Rxd2 Bc8 27. Qf3 Be6 28. h3 Kh7 29.
Qe3 Rc4 30. f4 Qc6 31. Bd4 g6 32. Kh2 Rc2 33. Rxc2 Qxc2 34. Qf3 c5 35. Be3 b5 36. f5 gxf5 37. Qf4 Qxe4 38. Qxh6+ Kg8 39. Qg5+ Kh7 40. Bf4 c4 41. h4 b4 42. axb4 axb4 43. h5 Bd5 44. Qh6+ Kg8 45. Qg5+ Kf8 46. e6 Qxg2+ 47. Qxg2 Bxg2 48. Bd6+ Kg8 49. e7 Bc6 50. Bxb4 Kh7 51. Kg3 f6 52. Bc3 Be8 53. Kh4 f4 54.
Bxf6 f3 55. Kg3 Bxh5 56. Bc3 Kg8 57. e8=Q+ Bxe8 58. Kxf3 Kf7 59. Ke3 Ke6 60. Kd4 Bb5 61.
Bd2 c3 62. Bxc3 1/2-1/2

[Event "Late-Titled-Tuesday-Blitz-March-12-2024"]
[Site "Chess.com"]
[Date "2024.03.12"]
[Round "5"]
[White "Veleamater"]
[Black "Stanbad1"]
[Result "0-1"]
[WhiteElo "2314"]
[BlackElo "2524"]
[TimeControl "180+1"]
[EndTime "14:55:02 PDT"]
[Termination "Stanbad1 won by resignation"]

1. Nf3 Nf6 2. g3 g6 3. Bg2 Bg7 4. O-O d6 5. d3 O-O 6. c4 c5 7.
Nc3 Nc6 8. Rb1 Ne8 9. a3 Nc7 10.
Qc2 Rb8 11. b4 Bg4 12. e3 b6 13. h3 Bd7 14. Rd1 Qc8 15. Kh2 h6 16. d4 e5 17.
dxe5 dxe5 18. Nd5 cxb4 19. axb4 Re8 20. e4 Ne6 21. Be3 b5 22. c5 Qb7 23. Qd3 Rbd8 24.
Bf1 Ncd4 25. Nxd4 Nxd4 26. Bxd4 exd4 27. f4 f5 28. Bg2 fxe4 29. Bxe4 Bc6 30. Bxg6 Bxd5 31.
Bxe8 Rxe8 32. Re1 Qd7 33. Qg6 Bf7 34. Rxe8+ Qxe8 35. Qc2 Bc4 36. Rd1 Qe3 37. c6 Qe6 38. Qg2 Bd5 39. Re1 Qxc6 40. Qe2 Bc4 41. Qh5 Kf8 42. Qf5+ Bf7 43. Qc5+ Qxc5 44. bxc5 d3 45. c6 d2 46. Rd1 Bc3 47. c7 Be6 48. Kg2 a5 49.
Kf3 a4 50. Ke4 a3 51. Kd3 b4 52. Kc2 a2 53. g4 Bc8 54. f5 Kf7 55. h4 Kf6 56. Rf1 a1=Q 57. Rxa1 Bxa1 58. Kxd2 Bc3+ 59. Kc2 h5 60. gxh5 Kxf5 61. Kb3 Kf6 62. Kc4 Kg7 0-1

[Event "Late-Titled-Tuesday-Blitz-March-12-2024"]
[Site "Chess.com"]
[Date "2024.03.12"]
[Round "5"]
[White "kids2010"]
[Black "SpeedofLight0"]
[Result "0-1"]
[WhiteElo "2771"]
[BlackElo "3083"]
[TimeControl "180+1"]
[EndTime "14:55:05 PDT"]
[Termination "SpeedofLight0 won by resignation"]

1. e4 Nc6 2. d4 d5 3. Nc3 dxe4 4. d5 Nb8 5. Nxe4 c6 6. Bc4 cxd5 7. Bxd5 e6 8. Bb3 Qxd1+ 9. Kxd1 Nc6 10. Nf3 Nf6 11.
Nxf6+ gxf6 12. Be3 Rg8 13. g3 e5 14. Ke2 Bg4 15.
h3 Be6 16. c3 O-O-O 17. Rad1 Rxd1 18. Rxd1 Bxh3 19. Bxf7 Rg7 20. Bh5 Be6 21. b3 Rc7 22. Nh4 b6 23. Be8 Ba3 24. f3 Ne7 25. c4 Nc6 26.
Bxc6 Rxc6 27. g4 Rc7 28. Nf5 Kb7 29. Nd6+ Bxd6 30. Rxd6 Re7 31. c5 bxc5 32. Bxc5 Re8 33. Ke3 f5 34. gxf5 Bxf5 35. Rh6 Bg6 36. Rh4 a5 37. b4 Kc6 38. a3 Rd8 39. Ke2 Rd3 40. Rh1 Rxa3 41. Rc1 Ra2+ 42. Ke3 a4 43. Bd4+ Kd6 44.
Bc3 Ra3 45. Kd2 Kd5 46. Re1 Ra2+ 47. Kd1 e4 48. fxe4+ Bxe4 49. b5 Bc2+ 50. Kc1 Bd3 51. Re5+ Kc4 52. Bd2 Rc2+ 53. Kd1 Rb2 54. b6 Rxb6 55.
Ra5 Rb1+ 56. Bc1 Kb4 57. Kd2 Kxa5 58. Ba3 Rb3 59. Bd6 Kb5 0-1

[Event "Late-Titled-Tuesday-Blitz-March-12-2024"]
[Site "Chess.com"]
[Date "2024.03.12"]
[Round "5"]
[White "GoValya"]
[Black "SergioMoralesG"]
[Result "1/2-1/2"]
[WhiteElo "2269"]
[BlackElo "2481"]
[TimeControl "180+1"]
[EndTime "14:55:05 PDT"]
[Termination "Game drawn by stalemate"]

1. d4 d5 2. Nf3 Nf6 3. g3 Bf5 4. Bg2 h6 5. c4 e6 6. O-O c6 7. Nc3 Be7 8. Nd2 O-O 9. f3 Bg6 10.
e4 dxe4 11. Ndxe4 Nbd7 12. Be3 e5 13. d5 cxd5 14. cxd5 Re8 15. d6 Bf8 16. Nb5 Nxe4 17. fxe4 Re6 18. Bh3 Rf6 19. Rxf6 Nxf6 20. Nc7 Rc8 21.
Bxc8 Qxc8 22. Rc1 Bxe4 23. d7 Nxd7 24. Ne6 Bc6 25. Nxf8 Nxf8 26. Bxa7 Qh3 27. Qe2 Ne6 28. Be3 h5 29. a3 h4 30. gxh4 Bf3 31. Qf2 e4 32. Qg3 Qf5 33. Rc8+ Kh7 34. Rc1 Qd5 35. Rf1 Qd3 36. Bf2 Be2 37. Qxd3 exd3 38. Be3 Bxf1 39. Kxf1 Kg6 40. Ke1 Kf5 41. Kd2 Ke4 42. b4 Nc7 43. a4 Nd5 44. Bg5 Nxb4 45. a5 Nc6 46. a6 bxa6 47. h5 f6 48. h6 gxh6 49. Bxf6 a5 50. Bg7 h5 51. h4 a4 52. Bf8 Nd4 53. Bg7 Nf3+ 54. Kd1 a3 55. Bf8 Nxh4 56. Be7 a2 57. Bf6 Nf5 58. Bh8 Nd4 59. Bxd4 Kxd4 60. Kd2 a1=Q 1/2-1/2

[Event "Late-Titled-Tuesday-Blitz-March-12-2024"]
[Site "Chess.com"]
[Date "2024.03.12"]
[Round "5"]
[White "ritanovikova"]
[Black "Boorchess"]
[Result "0-1"]
[WhiteElo "2254"]
[BlackElo "2553"]
[TimeControl "180+1"]
[EndTime "14:55:06 PDT"]
[Termination "Boorchess won on time"]

1. e4 e5 2. Nf3 Nf6 3. Nxe5 d6 4.
Nf3 Nxe4 5. d3 Nf6 6. d4 g6 7.
Bd3 Bg7 8. O-O O-O 9. h3 b6 10. c4 d5 11. b3 Bb7 12. Bb2 Re8 13. Ne5 Nc6 14. f4 dxc4 15. Bxc4 Nd5 16. Qf3 Na5 17. Bb5 Re6 18. f5 Ne7 19. Nxf7 Qxd4+ 20. Bxd4 Bxd4+ 21. Kh1 Bxf3 22. fxe6 Bxa1 23. Rxf3 c6 24. Bd3 Nb7 25. Be4 Nc5 26. Bc2 Nxe6 27. Nh6+ Kg7 28.
Ng4 Nd5 29. Nd2 Ng5 30. Rf1 Re8 31. Bd3 h5 32. Nf2 Bd4 33. Nfe4 Nxe4 34. Nxe4 Nb4 35. Bb1 Nxa2 36. Nd6 Re2 37. Rf7+ Kh6 38. Rf1 Nc3 39. Bd3 Rd2 40. Bc4 b5 41. Be6 Rd1 42. Nf7+ Kg7 43. Rxd1 Nxd1 44. Nd8 c5 45. Nc6 Nf2+ 46. Kh2 Ne4 47.
Nxa7 Kf6 48. Bd5 Be5+ 49. Kg1 Bd4+ 50. Kh2 Ke5 51. Bxe4 Kxe4 52. Nxb5 Bf2 53. g4 Kf3 54. gxh5 gxh5 55. Nd6 Bg3+ 56. Kg1 Bxd6 57. Kf1 Kg3 58. Ke2 Kxh3 59. Kf3 h4 60. Kf2 Kg4 61. Kg2 h3+ 62. Kh1 h2 0-1

[Event "Late-Titled-Tuesday-Blitz-March-12-2024"]
[Site "Chess.com"]
[Date "2024.03.12"]
[Round "5"]
[White "Msb2"]
[Black "vugarrasulov"]
[Result "1-0"]
[WhiteElo "3029"]
[BlackElo "2938"]
[TimeControl "180+1"]
[EndTime "14:55:12 PDT"]
[Termination "Msb2 won on time"]

1. d4 d5 2. c4 c6 3. Nf3 Nf6 4. Nc3 e6 5. Qc2 Nbd7 6. cxd5 exd5 7. Bg5 Be7 8. e3 Nf8 9. Bd3 Ne6 10. Bh4 g6 11. Rb1 a5 12. a3 Ng7 13. b4 axb4 14.
axb4 Bf5 15. O-O Bxd3 16. Qxd3 Nf5 17. Bxf6 Bxf6 18. b5 O-O 19. bxc6 bxc6 20. Rfc1 Ra3 21. Qc2 Nd6 22. Ne2 Ra6 23. Qd3 Qa8 24. h3 Ne4 25.
Nd2 Ra3 26. Qc2 Ra2 27. Rb2 Rxb2 28. Qxb2 Nd6 29. Ra1 Qc8 30. Nf4 Bg5 31. Nd3 Re8 32. Qb6 Rxe3 33. fxe3 Bxe3+ 34. Kh2 Bxd2 35. Ra7 Ne4 36. Qc7 Qf5 37. Qb8+ Kg7 38. Qe5+ Qf6 39. Qxf6+ Nxf6 40. Ne5 Bf4+ 41. Kh1 Bxe5 42. dxe5 Ne4 43. Rc7 Ng5 44. Rxc6 Ne6 45. Rd6 d4 46. Kg1 h5 47. h4 g5 48. hxg5 Kg6 49. Rd7 h4 50. Kf2 Kg7 51. Kf1 Kg6 52. Ke2 Kxg5 53. Rxf7 Kg4 54.
Rf6 Nf4+ 55. Rxf4+ Kxf4 56. e6 Kg3 57. e7 d3+ 58.
Kxd3 Kxg2 59. e8=Q h3 60. Qg6+ Kh1 61. Qe4+ Kg1 62.
Qg4+ Kh2 63. Ke2 Kh1 64. Kf2 1-0

[Event "Late-Titled-Tuesday-Blitz-March-12-2024"]
[Site "Chess.com"]
[Date "2024.03.12"]
[Round "5"]
[White "TigrVShlyape"]
[Black "Payyappat"]
[Result "0-1"]
[WhiteElo "2888"]
[BlackElo "2573"]
[TimeControl "180+1"]
[EndTime "14:55:12 PDT"]
[Termination "Payyappat won on time"]

1. e4 c6 2. Nf3 d5 3. d3 dxe4 4. dxe4 Qxd1+ 5. Kxd1 Bg4 6. Nd2 Nd7 7. h3 Bxf3+ 8.
Nxf3 O-O-O 9. Bd3 e5 10. Ke2 Bc5 11. c3 Ne7 12. b4 Bb6 13. Bc4 f6 14. h4 Kc7 15. h5 a6 16. Bd2 Nc8 17. Nh4 Nd6 18. Bd3 c5 19. a3 c4 20. Bc2 Nf8 21.
Nf5 Ne6 22. g3 Nf7 23. Rad1 Nfg5 24. f3 Rd7 25. Bc1 Rhd8 26. Rxd7+ Rxd7 27. f4 Nf7 28. Kf3 g6 29. Ne3 Bxe3 30. Bxe3 exf4 31. gxf4 g5 32. fxg5 fxg5 33. Kg4 Nh6+ 34. Kg3 Rf7 35. Bd1 Rf6 36. Be2 b5 37. Rd1 Nf7 38. Bg4 Ne5 39.
Bxe6 Rf3+ 40. Kg2 Rxe3 41. Rd5 Nd3 42. Rd7+ Kc6 43. Bf5 Nf4+ 44. Kf2 Rxc3 45. Rxh7 Rxa3 46. h6 Ra2+ 47. Kf3 Rh2 48. Rh8 Kb7 49. h7 c3 50.
Rc8 Rxh7 51. Rxc3 Rh2 52. Rc5 Rb2 53. Kg4 Rxb4 54. Kxg5 Nd3 55. Rd5 Nf2 56. e5 Ne4+ 57.
Kg6 Kc6 58. Rd8 a5 59. e6 Nd6 60. Bh3 Re4 61. Kf6 a4 0-1

[Event "Late-Titled-Tuesday-Blitz-March-12-2024"]
[Site "Chess.com"]
[Date "2024.03.12"]
[Round "5"]
[White "nindjaxx8"]
[Black "Grindaveci"]
[Result "1-0"]
[WhiteElo "2693"]
[BlackElo "2526"]
[TimeControl "180+1"]
[EndTime "14:55:12 PDT"]
[Termination "nindjaxx8 won by resignation"]

1. d4 d5 2. c4 e6 3. Nc3 c6 4. cxd5 exd5 5. Bf4 Nf6 6. e3 Bf5 7. Nf3 Nbd7 8. Bd3 Bxd3 9. Qxd3 Be7 10. O-O O-O 11.
a3 a5 12. Rab1 a4 13. Rfe1 Re8 14. Qc2 b5 15. Rbc1 Nb6 16. Nxb5 cxb5 17. Bc7 Qd7 18.
Bxb6 Reb8 19. Bc5 Bxc5 20. Qxc5 Ne4 21. Qb4 h6 22. h3 Rc8 23. Ne5 Qe8 24. Nd3 Rc4 25.
Rxc4 bxc4 26. Ne5 Rb8 27. Qa5 Rxb2 28. Qxd5 Nxf2 29. Rf1 Nd3 30. Rxf7 Rb5 31. Re7+ Rxd5 32. Rxe8+ Kh7 33. Nxc4 Rb5 34. Ra8 Rb1+ 35. Kh2 Rc1 36.
Rxa4 Nf2 37. Kg3 Ne4+ 38. Kf4 Nc3 39. Ra5 Ne2+ 40. Kf3 Nxd4+ 41. exd4 Rxc4 42. d5 Rd4 43. Ke3 Rd1 44. Ke4 Kg6 45. Ke5 Rg1 46. Ra6+ Kf7 47. Ra7+ Kf8 48. d6 Rxg2 49. Ke6 Re2+ 50. Kd7 g5 51.
Ra5 Ra2 52. Rf5+ Kg7 53. Ke6 Re2+ 54. Re5 Rd2 55. d7 Kg6 56. Ke7 h5 57. d8=Q Rxd8 58. Kxd8 g4 59. hxg4 hxg4 60. Re1 Kf5 61. a4 1-0

[Event "Late-Titled-Tuesday-Blitz-March-12-2024"]
[Site "Chess.com"]
[Date "2024.03.12"]
[Round "5"]
[White "RuleOfTwo"]
[Black "ncofre98"]
[Result "0-1"]
[WhiteElo "2474"]
[BlackElo "2610"]
[TimeControl "180+1"]
[EndTime "14:55:13 PDT"]
[Termination "ncofre98 won by resignation"]

1. Nf3 c5 2. e4 d6 3. d4 cxd4 4.
Qxd4 Nf6 5. Nc3 Nc6 6. Bb5 Bd7 7. Bxc6 Bxc6 8. O-O e5 9. Qd3 h6 10. Rd1 Be7 11.
h3 O-O 12. Be3 a6 13. a4 Qa5 14. Nd2 d5 15. exd5 Bxd5 16. Nxd5 Qxd5 17. Nc4 Qe6 18. a5 Rac8 19. b3 Rc6 20. Bb6 Nh5 21. Qe2 Nf4 22.
Qxe5 Nxh3+ 23. gxh3 Qxh3 24. Rd3 Rg6+ 25. Rg3 Bf6 26.
Qe1 Rxg3+ 27. fxg3 Bxa1 28. Qxa1 Qxg3+ 29. Kf1 Re8 30. Bf2 Qh3+ 31. Kg1 Re6 32. Ne5 Qh5 33. Bd4 f6 34. Nd3 Qg4+ 35. Kf1 Qe2+ 36. Kg1 Re4 37. Nf2 Rh4 38. Qc3 Rh5 39. Qc8+ Kh7 40. Qc3 Rg5+ 41.
Kh2 Rf5 42. Qg3 Qh5+ 43. Qh3 Qg5 44. Qg3 Qf4 45. Kg2 Qxg3+ 46. Kxg3 h5 47. c4 g5 48. Ne4 Kg6 49. Nd6 Rf4 50. Be3 h4+ 51. Kg2 Rg4+ 52. Kf3 Rg3+ 53. Kf2 f5 54. Nxb7 f4 55.
Bd4 Rxb3 56. Nc5 Ra3 57. Nxa6 g4 58. c5 g3+ 59. Kg2 f3+ 60. Kh3 Kh5 61. c6 Ra2 62.
Bf2 Rxf2 0-1

[Event "Late-Titled-Tuesday-Blitz-March-12-2024"]
[Site "Chess.com"]
[Date "2024.03.12"]
[Round "5"]
[White "KaydenTroffChess"]
[Black "GlavkonVVS"]
[Result "1/2-1/2"]
[WhiteElo "2815"]
[BlackElo "2605"]
[TimeControl "180+1"]
[EndTime "14:55:15 PDT"]
[Termination "Game drawn by repetition"]

1. d4 Nf6 2. Nf3 c5 3. dxc5 e6 4. Be3 Na6 5. g3 Nxc5 6. Bg2 d5 7. O-O Bd7 8. c4 Rc8 9. Nc3 dxc4 10. Ne5 b5 11. Nxd7 Qxd7 12. Qxd7+ Ncxd7 13. Nxb5 Bc5 14. Nxa7 Rb8 15. Bxc5 Nxc5 16. Rfc1 Rxb2 17. Rxc4 Nfd7 18. a4 O-O 19. Nc6 Rxe2 20. a5 Na6 21. Nb4 Ne5 22.
Rc2 Rxc2 23. Nxc2 Rb8 24. Nd4 g5 25. Bf1 Nc7 26. a6 Ra8 27. a7 Kf8 28. Bg2 Nd5 29.
Nb5 Nc6 30. h4 gxh4 31. gxh4 Ke7 32. Rc1 Kd7 33. Bxd5 exd5 34. Rc5 d4 35. Rd5+ Ke7 36. Rc5 Kd7 37. Kf1 Re8 38. Rd5+ Ke7 39. Nc7 Nxa7 40.
Re5+ Kd6 41. Rxe8 Kxc7 42. Re7+ Kb6 43. Rxf7 Nc6 44. Rxh7 Kc5 45. Rd7 Ne5 46. Rc7+ Kd6 47. Rc8 Kd7 48. Rc5 Kd6 49. Rc8 Kd7 50. Ra8 d3 51. h5 Ng4 52. Ra3 d2 53. Rd3+ Ke6 54. Rxd2 Kf5 55. Rd5+ Kf6 56. Kg2 Kf7 57. Kg3 Nh6 58. Rd6 Nf5+ 59. Kf4 Nxd6 60. Ke5 Ne8 61. Kf5 Ng7+ 62. Kg5 Ne6+ 63. Kg4 Kf6 64. f3 Nf8 65. Kf4 Ne6+ 66. Kg4 Ng7 67. f4 Nf5 68. Kf3 Nh6 69. Ke4 Ke6 70. Kf3 Kf5 71. Kg3 Ng4 72. Kf3 Nh6 73.
Kg3 Nf7 74. Kf3 Nh6 1/2-1/2

[Event "Late-Titled-Tuesday-Blitz-March-12-2024"]
[Site "Chess.com"]
[Date "2024.03.12"]
[Round "5"]
[White "Practical-Play"]
[Black "Boundless_Strike"]
[Result "0-1"]
[WhiteElo "2457"]
[BlackElo "2603"]
[TimeControl "180+1"]
[EndTime "14:55:16 PDT"]
[Termination "Boundless_Strike won by resignation"]

1. e4 d6 2. d4 e5 3. Nf3 Bg4 4. dxe5 Nc6 5. h3 Bh5 6. Bb5 Qd7 7. Nc3 O-O-O 8. Be3 a6 9. Bxc6 Qxc6 10. Nd4 Qxc3+ 11. bxc3 Bxd1 12. Rxd1 dxe5 13. Nb3 Rxd1+ 14. Kxd1 Nf6 15. f3 Be7 16. Ke2 b6 17. Kf2 Rg8 18.
Rd1 g5 19. c4 c5 20. a4 a5 21.
Nc1 Ne8 22. Nd3 f6 23. g4 Nd6 24. Nb2 h5 25. Kg3 Rh8 26. Kg2 Kc7 27. Re1 Kc6 28. Rd1 Ne8 29. Rd2 Nc7 30. Rd1 Ne6 31. c3 Nf8 32. Nd3 Ng6 33. Nf2 Rh7 34. Rd2 Nh8 35. Rd5 Nf7 36. Rd2 Nd6 37. Re2 Nxc4 38. Bc1 b5 39.
axb5+ Kxb5 40. gxh5 Rxh5 41. Ng4 a4 42. Ra2 Rh8 43.
Nf2 Rd8 44. Kf1 Bd6 45. Ke2 Bc7 46. Ra1 Bb6 47. Rb1+ Kc6 48. Nd3 Ba5 49. Ra1 Nb6 50. Bd2 Rh8 51. Nf2 Kb5 52. Ra2 Nc4 53. Be1 a3 54.
Ra1 Ka4 55. Nd3 Bb6 56. Nf2 Kb3 57. Kd3 Nb2+ 58. Kd2 Rd8+ 59. Kc1 c4 60. Rb1 Be3+ 0-1

[Event "Late-Titled-Tuesday-Blitz-March-12-2024"]
[Site "Chess.com"]
[Date "2024.03.12"]
[Round "5"]
[White "Bala-Afiada"]
[Black "ChessFanNM"]
[Result "1-0"]
[WhiteElo "1880"]
[BlackElo "2257"]
[TimeControl "180+1"]
[EndTime "14:55:20 PDT"]
[Termination "Bala-Afiada won by resignation"]

1. d4 d5 2. c4 e6 3. g3 Nf6 4. Nf3 c5 5. Bg2 Nc6 6. O-O cxd4 7. cxd5 exd5 8. Nxd4 Bc5 9. Nb3 Bb6 10. Bg5 d4 11.
N1d2 Bf5 12. Nc4 O-O 13. Nxb6 axb6 14. Bxc6 bxc6 15. Qxd4 c5 16. Qxd8 Rfxd8 17. Bxf6 gxf6 18. e3 Bc2 19. Kg2 Ra4 20. Rfc1 Bxb3 21. axb3 Rxa1 22.
Rxa1 Rd3 23. Ra3 Rd2 24. Ra2 Rd3 25. Ra3 Rd2 26. Ra6 Rxb2 27. Rxb6 c4 28. b4 c3 29.
Rc6 c2 30. b5 Kf8 31. b6 Ke7 32. b7 Rxb7 33. Rxc2 Ke6 34. Rc6+ Kf5 35. Kf3 h5 36. h4 Kg6 37. Kf4 Rb4+ 38. e4 Rb3 39. f3 Kg7 40. g4 Rb5 41. gxh5 Rxh5 42. Kg4 Rb5 43. h5 Rb1 44. Kf5 Rh1 45. h6+ Rxh6 46. f4 Rh5+ 47. Kg4 Rh1 48. e5 Rg1+ 49. Kf5 fxe5 50. Kxe5 Rf1 51. Kf5 Rg1 52. Rc7 Rf1 53. Rc6 Re1 54.
Rc7 Rb1 55. Rc6 Rb5+ 56. Kg4 f6 57. Rc7+ Kg6 58. Rc8 Rb4 59. Rg8+ Kf7 60. Rc8 Rb5 61. Rc4 Rc5 62. Rxc5 1-0

[Event "Late-Titled-Tuesday-Blitz-March-12-2024"]
[Site "Chess.com"]
[Date "2024.03.12"]
[Round "5"]
[White "oskariot"]
[Black "DenLaz"]
[Result "0-1"]
[WhiteElo "2766"]
[BlackElo "3049"]
[TimeControl "180+1"]
[EndTime "14:55:23 PDT"]
[Termination "DenLaz won by resignation"]

1. e4 c5 2. Nf3 e6 3. g3 d5 4. exd5 exd5 5. d4 cxd4 6. Nxd4 Nc6 7. Bg2 Bc5 8. Be3 Qb6 9. c3 Qxb2 10. Nd2 Bxd4 11.
cxd4 Nf6 12. O-O O-O 13. Nb3 Qa3 14. Qc1 Qd6 15. Qc5 Qe6 16. Rfe1 Qf5 17. Qd6 Qh5 18. Qf4 Bh3 19. Bf3 Bg4 20. Bg2 Rfe8 21. Qg5 Qxg5 22. Bxg5 Ne4 23. Be3 Nc3 24. h3 Bf5 25. Nc5 b6 26.
Na6 Rac8 27. Bf1 h5 28. Rec1 Na5 29. Bd2 Ne2+ 30. Bxe2 Rxc1+ 31. Rxc1 Rxe2 32. Bxa5 bxa5 33. a3 Bxh3 34. Nc7 Rd2 35. Nxd5 Rxd4 36. Nf4 Bg4 37. Kg2 g5 38. Nh3 Bxh3+ 39. Kxh3 Ra4 40. Rc5 f6 41. Rc3 Kg7 42. Rc7+ Kg6 43. Rxa7 Rxa3 44. Kg2 a4 45. Ra5 Ra1 46. f4 gxf4 47. gxf4 a3 48. Kh2 f5 49.
Kg2 a2 50. Kh2 Kf6 51. Kg2 Ke6 52. Kh2 Kd6 53. Kg2 Kc6 54. Ra8 Kb5 55. Kh2 Kc4 56.
Kg2 Kd3 57. Kh2 Ke3 58. Ra4 Kf3 59. Ra3+ Kxf4 60. Kg2 Kg5 61. Ra5 Kg4 62. Ra4+ f4 63. Ra8 f3+ 64. Kf2 Rh1 65. Ra4+ Kh3 0-1

[Event "Late-Titled-Tuesday-Blitz-March-12-2024"]
[Site "Chess.com"]
[Date "2024.03.12"]
[Round "5"]
[White "Gryffindorac8"]
[Black "Incognizance"]
[Result "1-0"]
[WhiteElo "2367"]
[BlackElo "1831"]
[TimeControl "180+1"]
[EndTime "14:55:23 PDT"]
[Termination "Gryffindorac8 won by checkmate"]

1. d4 Nf6 2. c4 e6 3. Nf3 Bb4+ 4. Bd2 Be7 5. g3 d5 6. Bg2 dxc4 7. O-O O-O 8. Qc2 a6 9. a4 Nc6 10. Qxc4 Bd7 11. Ne5 Qe8 12. Nxc6 Bxc6 13. Bxc6 bxc6 14. Rc1 c5 15. dxc5 Nd5 16. Nc3 c6 17. Ne4 Qd7 18.
Rd1 Qc7 19. b4 Rfd8 20. Rab1 Nf6 21. Bf4 Qc8 22. Bd6 Nd5 23. Bxe7 Nxe7 24. Nd6 Qc7 25. h4 Nc8 26. Nxc8 Qxc8 27. Rd4 Rxd4 28. Qxd4 Qd8 29.
Rd1 Qd5 30. Qd3 Rd8 31. Qxd5 exd5 32. e4 d4 33. Kf1 g6 34. Ke2 Kg7 35. Kd3 Kf6 36.
Rc1 Ke5 37. f4+ Ke6 38. Rc4 f5 39. Rxd4 fxe4+ 40. Kxe4 Rc8 41. Rd6+ Ke7 42. Ke5 Rc7 43. g4 Rb7 44. Rxc6 Rxb4 45. Rxa6 Rb1 46. Ra7+ Kf8 47.
Kf6 Rb8 48. Rxh7 Kg8 49. Kxg6 Ra8 50. Rb7 Ra6+ 51. Rb6 Ra8 52. h5 Kf8 53. f5 Kg8 54. f6 Kh8 55. Rb7 Rg8+ 56. Rg7 Ra8 57. Rh7+ Kg8 58.
f7+ Kf8 59. Rh8+ Ke7 60. Rxa8 Ke6 61. f8=Q Kd5 62. Qd6+ Kc4 63. Qe6+ Kc3 64. Qe5+ Kc2 65. Rd8 Kb3 66. a5 Ka4 67. a6 Kb3 68. c6 Kb4 69. Rd4+ Kb3 70. Qe3+ Kb2 71. Rd2+ Kb1 72. Qe1# 1-0